 Dungeon Crawl Stone Soup version 0.15-a0-462-gf669498 (webtiles) character file.

775 Infinimo the Firebug (level 7, -4/36 HPs)
             Began as a Deep Elf Fire Elementalist on May 7, 2014.
             Was a Believer of Jiyva.
             Shot with an arrow by a centaur (11 damage)
             ... on Level 5 of the Dungeon.
             The game lasted 00:07:02 (3477 turns).

Infinimo the Firebug (Deep Elf Fire Elementalist)   Turns: 3477, Time: 00:07:03

HP  -4/36        AC  4     Str  7      XL: 7   Next: 33%
MP  17/23        EV 13     Int 20      God: Jiyva [**....]
Gold 102         SH  0     Dex 15      Spells:  4 memorised,  4 levels left

rFire  . . .     SeeInvis .     (no weapon)
rCold  . . .     Clarity  .     a - +0 robe
rNeg   . . .     Conserve .     (no shield)
rPois  .         rCorr    .     (no helmet)
rElec  .         rRot     .     (no cloak)
SustAb . .       Spirit   .     (no gloves)
rMut   .         Warding  .     (no boots)
Gourm  +         Stasis   .     f - cursed amulet of the gourmand
MR     .....                    (no ring)
                                e - +2 ring of protection

@: very slightly contaminated, not resistant to hostile enchantments, unstealthy
A: no striking features
a: Request Jelly, Jelly Paralyse, Renounce Religion


You were on level 5 of the Dungeon.
You worshipped Jiyva.
Jiyva was pleased with you.
You were not hungry.

You visited 1 branch of the dungeon, and saw 5 of its levels.

You collected 102 gold pieces.

Inventory:

Armour
 a - a +0 robe (worn)
Magical devices
 p - a wand of draining (6) {unknown}
 q - a wand of confusion (4) {unknown}
Comestibles
 c - 2 bread rations
 j - a pear
 m - 2 meat rations
Scrolls
 h - a scroll of fog {unknown}
 i - a scroll of amnesia
 n - 2 scrolls of identify
Jewellery
 d - an uncursed ring of teleport control
 e - a +2 ring of protection (left hand)
 f - a cursed amulet of the gourmand (around neck)
Potions
 g - a potion of heal wounds
 l - 4 potions of curing
Books
 b - a book of Flames

   Spells                             Type                      Level
   *Flame Tongue                      Conjuration/Fire             1
   Throw Flame                        Conjuration/Fire             2
   *Conjure Flame                     Conjuration/Fire             3
   Inner Flame                        Hexes/Fire                   3
   *Sticky Flame                      Conjuration/Fire             4
   *Fireball                          Conjuration/Fire             5


   Skills:
 - Level 2.5 Dodging
 - Level 2.7 Stealth
 + Level 5.6 Spellcasting
 * Level 5.2 Conjurations
 * Level 6.5 Fire Magic


You had 4 spell levels left.
You knew the following spells:

 Your Spells              Type           Power        Failure   Level  Hunger
a - Flame Tongue          Conj/Fire      ####.        1%          1    None
b - Conjure Flame         Conj/Fire      ####....     3%          3    ##.....
c - Sticky Flame          Conj/Fire      ####....     12%         4    ####...
d - Fireball              Conj/Fire      ####......   30%         5    #####..


Dungeon Overview and Level Annotations

Branches:
Dungeon (5/15)
 Temple: D:4-7

Altars:
Ashenzari
Fedhas
Makhleb
Xom
Yredelemnul
Zin
The Shining One
Jiyva


Message History

You see here an arrow.
Casting: Flame Tongue
Confirm with . or Enter, or press ? or * to list all spells.
Aiming: Flame Tongue
Press: ? - help, Shift-Dir - straight line, f - centaur
Aim: a centaur, wielding a shortbow The flame tongue hits the centaur.
The centaur is moderately wounded.
The centaur shoots an arrow.
The arrow hits you.
* * * LOW HITPOINT WARNING * * *
Casting: Flame Tongue
Confirm with . or Enter, or press ? or * to list all spells.
Aiming: Fireball
Press: ? - help, Shift-Dir - straight line, f/p - centaur
Aim: a centaur, wielding a shortbow (moderately wounded)
You miscast Fireball.
You are very lightly contaminated with residual magic.
Strange energies run through your body.
The centaur shoots an arrow.
The arrow hits you!
You die...

... #.......
###........ #
.....P.....
#.#...........
#.............P
##.#........P....
.....c............P.
#..@............
#................
##.P.(......P...PP
####.(P..........P.
###.....P........
#A#P......P...P..
####.............
#####.....P.... ###
####........


You could see a centaur.

Vanquished Creatures
  Grinder (D:4)
  Menkaure (D:4)
  An ogre (D:4)
  3 orc wizards
  A worker ant (D:4)
  4 adders
  A giant gecko (D:1)
  4 oozes (D:2)
  10 orcs
  8 bats
  A giant cockroach (D:1)
  5 hobgoblins
  7 jackals
  A ball python (D:1)
  A giant newt (D:3)
  5 goblins
  9 kobolds
  A quokka (D:3)
  7 rats
71 creatures vanquished.

Vanquished Creatures (others)
  A jelly (D:4)
  An adder (D:2)
  2 giant geckos
  An ooze (D:2)
  2 orcs (D:4)
  A giant cockroach (D:4)
  A hobgoblin (D:3)
  A jackal (D:4)
  A bat (D:4)
  2 rats
  A spectral orc (D:4)
14 creatures vanquished.

Grand Total: 85 creatures vanquished

Notes
Turn   | Place    | Note
--------------------------------------------------------------
     0 | D:1      | Infinimo, the Deep Elf Fire Elementalist, began the quest for the Orb.
     0 | D:1      | Reached XP level 1. HP: 10/10 MP: 5/5
   338 | D:1      | Reached XP level 2. HP: 15/15 MP: 6/8
  1152 | D:2      | Found a viscous altar of Jiyva.
  1164 | D:2      | Reached XP level 3. HP: 19/19 MP: 0/11
  1329 | D:2      | Became a worshipper of Jiyva Jogeacs the Shapeless
  1415 | D:2      | Reached skill level 4 in Fire Magic
  1694 | D:2      | Acquired Jiyva's first power
  1735 | D:2      | Reached XP level 4. HP: 15/24 MP: 5/14
  2071 | D:3      | Found a burning altar of Makhleb.
  2071 | D:3      | Found a glowing silver altar of Zin.
  2072 | D:3      | Found a shimmering altar of Xom.
  2166 | D:3      | Found a blossoming altar of Fedhas.
  2194 | D:3      | Found a shattered altar of Ashenzari.
  2279 | D:3      | Reached XP level 5. HP: 28/28 MP: 16/18
  2766 | D:4      | Found a glowing golden altar of the Shining One.
  2833 | D:4      | Acquired Jiyva's second power
  3012 | D:4      | Noticed Grinder
  3035 | D:4      | Killed Grinder
  3035 | D:4      | Reached skill level 5 in Spellcasting
  3035 | D:4      | Reached skill level 5 in Fire Magic
  3035 | D:4      | Reached XP level 6. HP: 12/32 MP: 12/21
  3087 | D:4      | Paralysed by a potion of paralysis for 5 turns
  3115 | D:4      | Noticed an ogre
  3122 | D:4      | Killed an ogre
  3122 | D:4      | Reached skill level 6 in Fire Magic
  3138 | D:4      | Reached XP level 7. HP: 22/36 MP: 14/23
  3155 | D:4      | Learned a level 3 spell: Conjure Flame
  3160 | D:4      | Learned a level 4 spell: Sticky Flame
  3166 | D:4      | Learned a level 5 spell: Fireball
  3205 | D:4      | Found a basalt altar of Yredelemnul.
  3262 | D:4      | Noticed Menkaure
  3269 | D:4      | Killed Menkaure
  3269 | D:4      | Reached skill level 5 in Conjurations
  3352 | D:5      | Entered Level 5 of the Dungeon
  3467 | D:5      | Noticed an angel
  3477 | D:5      | Shot with an arrow by a centaur

Action                   |  1- 3 |  4- 6 |  7- 9 || total
-------------------------+-------+-------+-------++-------
Melee: Unarmed           |     4 |       |     3 ||     7
 Cast: Flame Tongue      |    73 |    72 |    17 ||   162
  Use: Scroll            |     5 |     4 |       ||     9
       Potion            |       |     7 |       ||     7
